| TOP OF THE 1ST |
|
Lansing Lugnuts batting - Pitching for West Michigan Whitecaps : RHP Neel Verhelst
|
|
Pitching: RHP Neel Verhelst
|
|
|
Batting: RHB Kennet Strijbis
|
0-0: Ground out 6-3 (Groundball, 56, EV 96.9 MPH)
|
|
Batting: LHB Danny Bailey
|
0-0: Ball 1-0: Foul Ball, location: 2F 1-1: Ball 2-1: SINGLE (Groundball, 34D, EV 97.5 MPH)
|
|
Batting: RHB James Boynton
|
0-0: Ball Danny Bailey is caught stealing 2nd base 2-4 1-0: Ball 2-0: Foul Ball, location: 2F 2-1: Ball 3-1: Base on Balls
|
|
Batting: LHB Marc Carter
|
0-0: Ball 1-0: DOUBLE (Flyball, 8LXD, EV 102.5 MPH) James Boynton to third
|
|
Batting: RHB Freddy Quintero
|
0-0: SINGLE (Groundball, 6MD, EV 107.5 MPH) James Boynton scores Marc Carter to third Runner from 3rd tries for Home, SAFE, throw by CF to home Freddy Quintero to second
|
|
Batting: RHB Butch Koglin
|
0-0: Ground out 6-3 (Groundball, P, EV 91.9 MPH)
|
| Top of the 1st over - 2 runs, 3 hits, 0 errors, 1 left on base; Lansing 2 - West Michigan 0 |
| BOTTOM OF THE 1ST |
|
West Michigan Whitecaps batting - Pitching for Lansing Lugnuts : RHP Bobby O'Connell
|
|
Pitching: RHP Bobby O'Connell
|
|
|
Batting: RHB Janne Vihko
|
0-0: Ball 1-0: Ball 2-0: Called Strike 2-1: Fly out, F8 (Flyball, 78M, EV 73.1 MPH)
|
|
Batting: RHB Tanner Purchase
|
0-0: Ball 1-0: Foul Ball, location: 2F 1-1: Ground out 5-3 (Groundball, 5S, EV 63.8 MPH)
|
|
Batting: LHB Afanasy Zasekin
|
0-0: Called Strike 0-1: Ball 1-1: Ball 2-1: Ball 3-1: Called Strike 3-2: Strikes out swinging
|
| Bottom of the 1st over - 0 runs, 0 hits, 0 errors, 0 left on base; Lansing 2 - West Michigan 0 |
| TOP OF THE 2ND |
|
Lansing Lugnuts batting - Pitching for West Michigan Whitecaps : RHP Neel Verhelst
|
|
Batting: RHB Carlos Renteria
|
0-0: Called Strike 0-1: Ball 1-1: Foul Ball, location: 2F 1-2: Ball 2-2: Foul Ball, location: 2F 2-2: Ball 3-2: Base on Balls
|
|
Batting: LHB Roger Escareno
|
0-0: Called Strike Carlos Renteria steals 2nd base 0-1: Foul Ball, location: 2F 0-2: Ground out U3 (Groundball, 34S, EV 87.5 MPH) Carlos Renteria to third
|
|
Batting: RHB Brian Manson
|
0-0: Called Strike 0-1: Called Strike 0-2: Foul Ball, location: 2F 0-2: Ball 1-2: Ground out 4-3 (Groundball, 4, EV 110.0 MPH) Carlos Renteria scores
|
|
Batting: RHB Kennet Strijbis
|
0-0: Foul Ball, location: 2F 0-1: Ball 1-1: Foul Ball, location: 2F 1-2: Ball 2-2: Ball 3-2: SINGLE (Groundball, 4MD, EV 105.6 MPH)
|
|
Batting: LHB Danny Bailey
|
0-0: Ball 1-0: Ball Kennet Strijbis steals 2nd, throwing error, E2 Kennet Strijbis to third 2-0: Foul Ball, location: 2F 2-1: Ground out 5-3 (Groundball, 56, EV 107.5 MPH)
|
| Top of the 2nd over - 1 run, 1 hit, 1 error, 1 left on base; Lansing 3 - West Michigan 0 |
| BOTTOM OF THE 2ND |
|
West Michigan Whitecaps batting - Pitching for Lansing Lugnuts : RHP Bobby O'Connell
|
|
Batting: RHB J.J. Basil
|
0-0: Ball 1-0: Ball 2-0: DOUBLE (Flyball, 8RXD, EV 95.6 MPH)
|
|
Batting: RHB Ernst Meloche
|
0-0: Ball 1-0: Called Strike 1-1: Ball 2-1: Called Strike 2-2: Ball 3-2: Base on Balls
|
|
Batting: RHB Joel Miller
|
0-0: Ball 1-0: Called Strike J.J. Basil steals 3rd base Ernst Meloche to second 1-1: Ground out 6-3 (Groundball, 6S, EV 71.2 MPH) J.J. Basil scores Ernst Meloche to third
|
|
Batting: RHB Keith Hoffman
|
0-0: Called Strike 0-1: Foul Ball, location: 2F 0-2: Ball 1-2: Ball 2-2: Fly out, F9 (Flyball, 89M, EV 93.1 MPH) Runner from 3rd tags up, SCORES, throw by RF
|
|
Batting: SHB Chris Wagler
|
0-0: Ball 1-0: Ball 2-0: Called Strike 2-1: Foul Ball, location: 2F 2-2: Strikes out swinging, 2-3 out at first.
|
| Bottom of the 2nd over - 2 runs, 1 hit, 0 errors, 0 left on base; Lansing 3 - West Michigan 2 |
| TOP OF THE 3RD |
|
Lansing Lugnuts batting - Pitching for West Michigan Whitecaps : RHP Neel Verhelst
|
|
Batting: RHB James Boynton
|
0-0: Called Strike 0-1: Ball 1-1: Called Strike 1-2: Strikes out swinging
|
|
Batting: LHB Marc Carter
|
0-0: Ball 1-0: Fly out, F7 (Flyball, 7LD, EV 96.2 MPH)
|
|
Batting: RHB Freddy Quintero
|
0-0: Fly out, F8 (Flyball, 8RM, EV 79.4 MPH)
|
| Top of the 3rd over - 0 runs, 0 hits, 0 errors, 0 left on base; Lansing 3 - West Michigan 2 |
| BOTTOM OF THE 3RD |
|
West Michigan Whitecaps batting - Pitching for Lansing Lugnuts : RHP Bobby O'Connell
|
|
Batting: RHB Norm Wood
|
0-0: Called Strike 0-1: Ball 1-1: Fly out, F9 (Flyball, 9D, EV 92.5 MPH)
|
|
Batting: RHB Janne Vihko
|
0-0: Ball 1-0: SINGLE (Groundball, 56, EV 96.9 MPH)
|
|
Batting: RHB Tanner Purchase
|
0-0: Called Strike 0-1: Ball Wild Pitch! Janne Vihko to second 1-1: Called Strike 1-2: Strikes out swinging
|
|
Batting: LHB Afanasy Zasekin
|
0-0: Called Strike 0-1: DOUBLE (Line Drive, 9LM, EV 104.4 MPH) Janne Vihko scores
|
|
Batting: RHB J.J. Basil
|
0-0: SINGLE (Groundball, 6MD, EV 104.4 MPH) Afanasy Zasekin to third Runner from 3rd tries for Home, SAFE, throw by CF to home
|
|
Batting: RHB Ernst Meloche
|
0-0: Ball 1-0: Ball J.J. Basil steals 2nd base (no throw) 2-0: Called Strike 2-1: DOUBLE (Line Drive, 89D, EV 107.5 MPH) J.J. Basil scores
|
|
Batting: RHB Joel Miller
|
0-0: Ball 1-0: Foul Ball, location: 2F 1-1: Ground out 5-3 (Groundball, 5L, EV 91.2 MPH)
|
| Bottom of the 3rd over - 3 runs, 4 hits, 0 errors, 1 left on base; Lansing 3 - West Michigan 5 |
| TOP OF THE 4TH |
|
Lansing Lugnuts batting - Pitching for West Michigan Whitecaps : RHP Neel Verhelst
|
|
Now in RF: Jon Goldstein
|
|
|
Batting: RHB Butch Koglin
|
0-0: Called Strike 0-1: Ball 1-1: Ball 2-1: Fly out, F7 (Flyball, 7LM, EV 84.4 MPH)
|
|
Batting: RHB Carlos Renteria
|
0-0: Ball 1-0: Ball 2-0: Called Strike 2-1: Ball 3-1: Ground out 5-3 (Groundball, 56S, EV 83.1 MPH)
|
|
Batting: LHB Roger Escareno
|
0-0: Called Strike 0-1: Ground out 1-3 (Groundball, 34S, EV 66.9 MPH)
|
| Top of the 4th over - 0 runs, 0 hits, 0 errors, 0 left on base; Lansing 3 - West Michigan 5 |
| BOTTOM OF THE 4TH |
|
West Michigan Whitecaps batting - Pitching for Lansing Lugnuts : RHP Bobby O'Connell
|
|
Batting: RHB Keith Hoffman
|
0-0: Ball 1-0: Foul Ball, location: 2F 1-1: Called Strike 1-2: Ball 2-2: Ball 3-2: Base on Balls
|
|
Pitching: RHP Ben Knapp
|
|
|
Batting: SHB Chris Wagler
|
0-0: Called Strike 0-1: Foul Ball, location: 2F 0-2: Ball Wild Pitch! Keith Hoffman to second 1-2: Strikes out swinging
|
|
Batting: RHB Norm Wood
|
0-0: Ball 1-0: Foul Ball, location: 2F 1-1: Foul Ball, location: 2F 1-2: SINGLE (Groundball, 6S, EV 73.8 MPH) (infield hit) Keith Hoffman to third
|
|
Batting: RHB Janne Vihko
|
0-0: Called Strike Norm Wood is caught stealing 2nd base 2-4 0-1: Ground out 6-3 (Groundball, 6, EV 78.1 MPH)
|
| Bottom of the 4th over - 0 runs, 1 hit, 0 errors, 1 left on base; Lansing 3 - West Michigan 5 |
| TOP OF THE 5TH |
|
Lansing Lugnuts batting - Pitching for West Michigan Whitecaps : RHP Neel Verhelst
|
|
Batting: RHB Brian Manson
|
0-0: Foul Ball, location: 2F 0-1: Swinging Strike 0-2: Ground out U3 (Groundball, 34, EV 80.6 MPH)
|
|
Batting: RHB Kennet Strijbis
|
0-0: Called Strike 0-1: Foul Ball, location: 2F 0-2: Ball 1-2: Ball 2-2: Foul Ball, location: 2F 2-2: Ball 3-2: Foul Ball, location: 2F 3-2: Ground out 1-3 (Groundball, 15S, EV 70.0 MPH)
|
|
Batting: LHB Danny Bailey
|
0-0: Called Strike 0-1: Fly out, F7 (Flyball, 7LM, EV 102.5 MPH)
|
| Top of the 5th over - 0 runs, 0 hits, 0 errors, 0 left on base; Lansing 3 - West Michigan 5 |
| BOTTOM OF THE 5TH |
|
West Michigan Whitecaps batting - Pitching for Lansing Lugnuts : RHP Ben Knapp
|
|
Batting: RHB Tanner Purchase
|
0-0: Ball 1-0: Ball 2-0: Ball 3-0: Called Strike 3-1: Fly out, F7 (Line Drive, 78M, EV 98.1 MPH)
|
|
Batting: RHB Jon Goldstein
|
0-0: Ball 1-0: Ball 2-0: TRIPLE (Line Drive, 8LXD, EV 106.2 MPH)
|
|
Batting: RHB J.J. Basil
|
0-0: Ball 1-0: Ball 2-0: Called Strike 2-1: Foul Ball, location: 2F 2-2: Foul Ball, location: 2F 2-2: Strikes out swinging
|
|
Batting: RHB Ernst Meloche
|
0-0: SINGLE (Groundball, 56S, EV 66.9 MPH) (infield hit) Jon Goldstein scores
|
|
Batting: RHB Joel Miller
|
0-0: Ball 1-0: Foul Ball, location: 2F 1-1: Swinging Strike 1-2: Ball Pickoff Throw to First - Out! 1-3
|
| Bottom of the 5th over - 1 run, 2 hits, 0 errors, 0 left on base; Lansing 3 - West Michigan 6 |
| TOP OF THE 6TH |
|
Lansing Lugnuts batting - Pitching for West Michigan Whitecaps : RHP Neel Verhelst
|
|
Batting: RHB James Boynton
|
0-0: Ball 1-0: Foul Ball, location: 2F 1-1: Foul Ball, location: 2F 1-2: Foul Ball, location: 2F 1-2: Ground out 5-3 (Groundball, 56, EV 101.2 MPH)
|
|
Batting: LHB Marc Carter
|
0-0: Ball 1-0: Foul Ball, location: 2F 1-1: Fly out, F7 (Flyball, 78M, EV 90.6 MPH)
|
|
Batting: RHB Freddy Quintero
|
0-0: Foul Ball, location: 2F 0-1: Called Strike 0-2: Strikes out looking
|
| Top of the 6th over - 0 runs, 0 hits, 0 errors, 0 left on base; Lansing 3 - West Michigan 6 |
| BOTTOM OF THE 6TH |
|
West Michigan Whitecaps batting - Pitching for Lansing Lugnuts : RHP Ben Knapp
|
|
Batting: RHB Joel Miller
|
0-0: Foul Ball, location: 2F 0-1: Ball 1-1: SINGLE (Groundball, 6D, EV 101.2 MPH)
|
|
Batting: RHB Keith Hoffman
|
0-0: SINGLE (Groundball, 56S, EV 70.0 MPH) (infield hit) Joel Miller to second
|
|
Batting: SHB Chris Wagler
|
0-0: Ball 1-0: Foul Ball, location: 2F 1-1: Foul Ball, location: 2F 1-2: Strikes out swinging
|
|
Batting: RHB Norm Wood
|
0-0: Called Strike 0-1: Fly out, F8 (Flyball, 8RD, EV 93.1 MPH)
|
|
Batting: RHB Janne Vihko
|
0-0: Swinging Strike 0-1: Foul Ball, location: 2F 0-2: Ball 1-2: Strikes out swinging
|
| Bottom of the 6th over - 0 runs, 2 hits, 0 errors, 2 left on base; Lansing 3 - West Michigan 6 |
| TOP OF THE 7TH |
|
Lansing Lugnuts batting - Pitching for West Michigan Whitecaps : RHP Neel Verhelst
|
|
Batting: RHB Butch Koglin
|
0-0: Ground out 6-3 (Groundball, 56, EV 83.8 MPH)
|
|
Batting: RHB Carlos Renteria
|
0-0: Called Strike 0-1: Swinging Strike 0-2: Strikes out swinging
|
|
Batting: LHB Roger Escareno
|
0-0: Ball 1-0: Ball 2-0: Ball 3-0: Called Strike 3-1: Called Strike 3-2: Foul Ball, location: 2F 3-2: Ground out U3 (Groundball, 34, EV 92.5 MPH)
|
| Top of the 7th over - 0 runs, 0 hits, 0 errors, 0 left on base; Lansing 3 - West Michigan 6 |
| BOTTOM OF THE 7TH |
|
West Michigan Whitecaps batting - Pitching for Lansing Lugnuts : RHP Ben Knapp
|
|
Pitching: RHP Scott Lowry
|
|
|
Batting: RHB Tanner Purchase
|
0-0: Ground out U3 (Groundball, 3, EV 91.9 MPH)
|
|
Batting: RHB Jon Goldstein
|
0-0: Ball 1-0: Swinging Strike 1-1: Foul Ball, location: 2F 1-2: Ball 2-2: Ground out 4-3 (Groundball, 4D, EV 88.8 MPH)
|
|
Batting: RHB J.J. Basil
|
0-0: Called Strike 0-1: Ball 1-1: Foul Ball, location: 2F 1-2: Strikes out looking
|
| Bottom of the 7th over - 0 runs, 0 hits, 0 errors, 0 left on base; Lansing 3 - West Michigan 6 |
| TOP OF THE 8TH |
|
Lansing Lugnuts batting - Pitching for West Michigan Whitecaps : RHP Neel Verhelst
|
|
Pitching: RHP Eddie Hodgson
|
|
|
Batting: RHB Brian Manson
|
0-0: Called Strike 0-1: Ball 1-1: Ball 2-1: Swinging Strike 2-2: Strikes out swinging
|
|
Pinch Hitting: LHB Timo Gomez
|
0-0: Ball 1-0: Swinging Strike 1-1: Ball 2-1: Ball 3-1: Called Strike 3-2: Foul Ball, location: 2F 3-2: Foul Ball, location: 2F 3-2: Strikes out swinging
|
|
Batting: LHB Danny Bailey
|
0-0: Foul Ball, location: 2F 0-1: Ball 1-1: Ball 2-1: Called Strike 2-2: SINGLE (Line Drive, 78S, EV 105.0 MPH)
|
|
Batting: RHB James Boynton
|
0-0: Called Strike 0-1: Foul Ball, location: 2F 0-2: Ball 1-2: Ball 2-2: Ball 3-2: Foul Ball, location: 2F 3-2: Ground out 5-3 (Groundball, 15, EV 82.5 MPH)
|
| Top of the 8th over - 0 runs, 1 hit, 0 errors, 1 left on base; Lansing 3 - West Michigan 6 |
| BOTTOM OF THE 8TH |
|
West Michigan Whitecaps batting - Pitching for Lansing Lugnuts : RHP Scott Lowry
|
|
Now at 2B: Elliot Manfredini
|
|
|
Batting: RHB Ernst Meloche
|
0-0: Ball 1-0: Called Strike 1-1: Ball 2-1: Ball 3-1: Foul Ball, location: 2F 3-2: Base on Balls
|
|
Batting: RHB Joel Miller
|
0-0: Called Strike 0-1: Ball 1-1: Ball 2-1: Called Strike 2-2: Foul Ball, location: 2F 2-2: Strikes out looking
|
|
Batting: RHB Keith Hoffman
|
0-0: Called Strike Ernst Meloche steals 2nd, throwing error, E2 Ernst Meloche to third 0-1: Foul Ball, location: 2F 0-2: Foul Ball, location: 2F 0-2: Strikes out swinging
|
|
Batting: SHB Chris Wagler
|
0-0: Called Strike 0-1: Ball 1-1: Foul Ball, location: 2F 1-2: Ball 2-2: Strikes out swinging
|
| Bottom of the 8th over - 0 runs, 0 hits, 1 error, 1 left on base; Lansing 3 - West Michigan 6 |
| TOP OF THE 9TH |
|
Lansing Lugnuts batting - Pitching for West Michigan Whitecaps : RHP Eddie Hodgson
|
|
Pitching: RHP Kyle Moore
|
|
|
Batting: LHB Marc Carter
|
0-0: Called Strike 0-1: Called Strike 0-2: Ball 1-2: Ball 2-2: Foul Ball, location: 2F 2-2: Foul Ball, location: 2F 2-2: Foul Ball, location: 2F 2-2: Ground out 4-3 (Groundball, 4, EV 93.8 MPH)
|
|
Batting: RHB Freddy Quintero
|
0-0: Ball 1-0: Swinging Strike 1-1: Ball 2-1: Foul Ball, location: 2F 2-2: Ball 3-2: Base on Balls
|
|
Batting: RHB Butch Koglin
|
0-0: Called Strike 0-1: Called Strike 0-2: Grounds into double play, 4-6-3 (Groundball, 4, EV 91.9 MPH)
|
| Top of the 9th over - 0 runs, 0 hits, 0 errors, 0 left on base; Lansing 3 - West Michigan 6 |
|